 Dungeon Crawl Stone Soup version 0.29-a0-878-g7b45a56547 (webtiles) character file.

Game seed: 5519450394144503146

322 LynnLen the Covert (level 6, -4/35 HPs)
             Began as a Vampire Enchanter on July 20, 2022.
             Slain by Eustachio
             ... wielding a +0 rapier
              (7 damage)
             ... on level 4 of the Dungeon.
             The game lasted 00:07:42 (3678 turns).

LynnLen the Covert (Vampire Enchanter)              Turns: 3678, Time: 00:07:43

Health: -4/35      AC:  6    Str:  7    XL:     6   Next: 22%
Magic:  8/9        EV: 12    Int: 17    God:
Gold:   194        SH:  0    Dex: 17    Spells: 3/9 levels left

rFire   . . .      SeeInvis +   a - +1 dagger
rCold   + + .      Faith    .   (no shield)
rNeg    + + +      Spirit   .   d - +0 leather armour
rPois   ∞          Reflect  .   m - +0 helmet
rElec   .          Harm     .   h - +1 cloak
rCorr   .          Rampage  .   (no gloves)
Will    .....                   (no boots)
Stlth   +++++.....              (no amulet)
HPRegen 0.00/turn               (no ring)
MPRegen 0.11/turn               (no ring)

@: silenced, bloodless, inhibited regen
A: bloodless, fangs 3, see invisible, vampiric 2
a: Bat Form, Revivify


You were on level 4 of the Dungeon.
You visited 1 branch of the dungeon, and saw 4 of its levels.

You collected 194 gold pieces.

Inventory:

Hand Weapons
 a - a +1 dagger (weapon)
Missiles
 e - 3 poisoned darts (quivered)
Armour
 d - a +0 leather armour (worn)
 h - a +1 cloak (worn)
 m - a +0 helmet (worn)
Wands
 o - a wand of quicksilver (4)
Potions
 f - 2 potions of curing
 k - a potion of heal wounds


   Skills:
 * Level 2.1 Fighting
 * Level 3.6 Short Blades
 + Level 2.9 Dodging
 + Level 8.1 Stealth
 - Level 2.0 Spellcasting
 - Level 4.4 Hexes


You had 3 spell levels left.
You knew the following spells:

 Your Spells              Type           Power      Damage    Failure   Level
a - Confusing Touch       Hex            16%        N/A       14%         3
b - Tukima's Dance        Hex            16%        N/A       14%         3

Your spell library contained the following spells:

 Spells                   Type           Power      Damage    Failure   Level
 Ensorcelled Hibernation  Hex/Ice        18%        N/A       19%         2
 Magic Dart               Conj           4%         1d3       28%         1
 Sandblast                Erth           2%         2d4       28%         1
 Summon Small Mammal      Summ           4%         N/A       28%         1
 Dazzling Flash           Conj/Hex       18%        N/A       34%         3
 Summon Guardian Golem    Hex/Summ       9%         N/A       34%         3
 Call Imp                 Summ           1%         N/A       41%         2
 Passwall                 Tmut/Erth      0%         N/A       41%         2
 Call Canine Familiar     Summ           1%         N/A       65%         3
 Mephitic Cloud           Conj/Pois/Air  1%         N/A       65%         3
 Stone Arrow              Conj/Erth      2%         3d7       65%         3
 Fulminant Prism          Conj/Hex       4%         3d6       75%         4
 Iskenderun's Mystic Bla  Conj/Tloc      1%         2d3       96%         4
 Lee's Rapid Deconstruct  Erth           0%         3d5*      100%        5


Dungeon Overview and Level Annotations

Branches:
Dungeon (4/15)
 Temple: D:4-7

Altars:
Uskayaw

Shops:
D:2 =

Annotations:
D:4 Eustachio


Innate Abilities, Weirdness & Mutations

You do not regenerate when monsters are visible.
You are frail without blood (-20% HP).
You can heal yourself when you bite living creatures.
You are immune to poison.
You have razor-sharp teeth.
You have supernaturally acute eyesight. (SInv)
You are afflicted with vampirism and can become a bat while bloodless.


Message History

The quokka closely misses you. x2
You hit Eustachio.
Eustachio is heavily wounded.
The rat bites you but does no damage. Eustachio misses you.
The quokka closely misses you. x2
You hit Eustachio. You bite Eustachio, but do no damage.
Eustachio is heavily wounded.
The rat closely misses you. Eustachio hits you but does no damage.
The quokka bites you.
You hit Eustachio.
Eustachio is heavily wounded.
The quokka completely misses you. The quokka bites you.
The rat bites you but does no damage. Eustachio hits you with a +0 rapier.
You hit Eustachio. Your bite misses Eustachio.
Eustachio is heavily wounded.
The quokka closely misses you.
The quokka bites you but does no damage.
The rat barely misses you. Eustachio hits you but does no damage.
You hit Eustachio.
Eustachio is heavily wounded.
The quokka bites you but does no damage.
The quokka barely misses you.
You closely miss Eustachio.
Eustachio is heavily wounded.
The quokka bites you but does no damage.
The rat closely misses you. Eustachio hits you with a +0 rapier.
* * * LOW HITPOINT WARNING * * *
The quokka misses you.
You closely miss Eustachio.
Eustachio is heavily wounded.
The quokka closely misses you. The rat closely misses you.
Eustachio hits you with a +0 rapier.
* * * LOW HITPOINT WARNING * * *
The quokka barely misses you.
You hit Eustachio.
Eustachio is severely wounded.
The quokka closely misses you. The rat completely misses you.
The quokka bites you but does no damage.
Eustachio hits you with a +0 rapier!
You die...

.. .... ..... #######
#####
......##.....###..>..
.......)....##......
.....##............
####.##........#####.#
#..#......#r@......
#........r@r###
##...........#
##..##........#
####..###........#
##....## #........#
)..#### #........#####
.####### #....÷<.......
)))....###.............
.#####.................


You could see Eustachio, 2 quokkas and a rat (summoned).

Vanquished Creatures
  Sigmund (D:3)
  Crazy Yiuf (D:2)
  An iguana (D:3)
  4 gnolls (D:4)
  An adder (D:2)
  A worm (D:2)
  3 dart slugs
  An orc (D:3)
  6 bats
  4 endoplasms
  3 giant cockroaches
  3 goblins (D:1)
  4 hobgoblins
  A jackal (D:4)
  A quokka (D:1)
  6 ball pythons
  3 frilled lizards
  4 kobolds
  6 rats
54 creatures vanquished.

Notes
Turn   | Place    | Note
-------+----------+-------------------------------------------
     0 | D:1      | LynnLen the Vampire Enchanter began the quest for the Orb.
     0 | D:1      | Reached XP level 1. HP: 13/13 MP: 3/3
   288 | D:1      | Reached XP level 2. HP: 16/16 MP: 5/5
   574 | D:1      | Reached skill level 5 in Stealth
   954 | D:2      | Found a hide-covered altar of Uskayaw.
  1005 | D:2      | Reached skill level 1 in Fighting
  1005 | D:2      | Gained mutation: You are afflicted with vampirism and can
                  | become a bat while bloodless. [Vampire growth]
  1005 | D:2      | Reached XP level 3. HP: 12/20 MP: 6/6
  1009 | D:2      | Learned a level 3 spell: Confusing Touch
  1013 | D:2      | Learned a level 3 spell: Tukima's Dance
  1652 | D:2      | Found Ynyqumeo's Jewellery Shoppe.
  1856 | D:2      | Found a runed translucent door.
  1857 | D:2      | Noticed Crazy Yiuf
  1864 | D:2      | Killed Crazy Yiuf
  1865 | D:2      | Reached skill level 6 in Stealth
  1865 | D:2      | Reached XP level 4. HP: 25/25 MP: 7/7
  2928 | D:3      | Noticed Sigmund
  2936 | D:3      | Killed Sigmund
  2937 | D:3      | Reached skill level 8 in Stealth
  2937 | D:3      | Reached XP level 5. HP: 30/30 MP: 8/8
  2937 | D:3      | Reached XP level 6. HP: 35/35 MP: 9/9
  3206 | D:3      | Found a faded altar of an unknown god.
  3648 | D:4      | Noticed Eustachio
  3678 | D:4      | Slain by Eustachio

Illustrated notes

Levels and vault maps discovered:
D:1:      minmay_arrival_three_doors, layout_loops_cross, serial_glass,
          glass_columns_a, glass_columns_a
D:2:      layout_basic, basic_altar, serial_shops,
          nicolae_shop_advertising_works [nicolae_subvault_shop_adworks],
          uniq_crazy_yiuf_cottage
D:3:      layout_loops_ring, hellmonk_ecumenical_altar_leap_of_faith,
          kennysheep_generic_room_2, uniq_sigmund
D:4:      layout_rooms, serial_shops, shop, uniq_eustachio

Skill      XL: |  1  2  3  4 |
---------------+-------------+-----
Stealth        | 5 6 8 |  8.1
Short Blades   | 2 3 |  3.6
Fighting       | 1 2 |  2.1
Dodging        | |  2.9
Spellcasting   | |  2.0
Hexes          | |  4.4

Action                   |  1- 3 |  4- 6 || total
-------------------------+-------+-------++-------
Melee: Dagger            |    70 |    78 ||   148
       Bite              |     6 |    11 ||    17
       Punch             |       |     1 ||     1
 Cast: Tukima's Dance    |       |     1 ||     1
 Abil: Exsanguinate      |     1 |       ||     1
  Use: Scroll            |     5 |     8 ||    13
       Potion            |     1 |     5 ||     6
 Stab: Sleeping          |    18 |    10 ||    28
       Invisible         |     1 |       ||     1
Armor: Leather armour    |     9 |    45 ||    54
Dodge: Dodged            |    33 |   107 ||   140

Table legend: (Time is in decaauts)
 A = Elapsed time spent in this place.
 B = Non-inter-level travel time spent in this place.
 C = Inter-level travel time spent in this place.
 D = Time resting spent in this place.
 E = Time spent auto-exploring this place.
 F = Levels seen in this place.
 G = Mean time per level.
                   A        B        C        D        E       F      G
               +--------+--------+--------+--------+--------+-----+--------+
         Total |   3645 |   3645 |      0 |    416 |   2299 |   4 |  911.2 |
       Dungeon |   3645 |   3645 |      0 |    416 |   2299 |   4 |  911.2 |
               +--------+--------+--------+--------+--------+-----+--------+

Top non-repeatable levels by time:
     D:2: 1538 daAuts
     D:1: 930 daAuts
     D:3: 853 daAuts
     D:4: 323 daAuts
